 Dungeon Crawl Stone Soup version 0.29.1-1-gd02db6906a (webtiles) character file.

Game seed: 17017181581253139757

57 sleeves the Charlatan (level 4, 0/36 HPs)
             Began as a Meteoran Artificer on Oct 4, 2022.
             Slain by an iguana (14 damage)
             ... on level 4 of the Dungeon.
             The game lasted 00:04:16 (1047 turns).

sleeves the Charlatan (Meteoran Artificer)          Turns: 1047, Time: 00:04:17

Health: 0/36       AC:  3    Str: 20    XL:     4   Next: 41%
Magic:  5/5        EV: 12    Int: 13    God:
Gold:   96         SH:  0    Dex: 14    Spells: 3/3 levels left

rFire   . . .      SeeInvis .   l - +0 flail
rCold   . . .      Faith    .   (no shield)
rNeg    . . .      Spirit   .   b - +0 leather armour
rPois   .          Reflect  .   (no helmet)
rElec   .          Harm     .   (no cloak)
rCorr   .          Rampage  .   (no gloves)
Will    .....                   (no boots)
Stlth   +.........              (no amulet)
HPRegen 0.12/turn               k - ring "Pet Weka" {Wiz Str+5}
MPRegen 0.09/turn               (no ring)

@: glowing
A: sense surroundings 1, otherworldly, glowing, explore regen
a: no special abilities


You were on level 4 of the Dungeon.
You visited 1 branch of the dungeon, and saw 4 of its levels.

You collected 96 gold pieces.

Inventory:

Hand Weapons
 a - a +0 club
 f - a +0 trident
   (You found it on level 1 of the Dungeon)
 l - a +0 flail (weapon)
   (You found it on level 2 of the Dungeon)
Armour
 b - a +0 leather armour (worn)
Jewellery
 k - the ring "Pet Weka" (left hand) {Wiz Str+5}
   (You found it on level 2 of the Dungeon)

   [ring of wizardry]

   It improves your spell success rate.
   Str:       It affects your strength (+5).
Wands
 c - a wand of flame (12) (quivered)
 d - a wand of charming (15)
 e - a wand of iceblast (5)
Scrolls
 h - 5 scrolls of identify {unknown}
 n - a scroll of teleportation {unknown}
 o - a scroll of blinking {unknown}
Potions
 g - 2 potions of berserk rage {unknown}
 i - a potion of curing {unknown}
 j - a potion of might {unknown}
 m - a potion of cancellation {unknown}
 p - a potion of brilliance {unknown}
 q - a potion of mutation {unknown}


   Skills:
 + Level 2.0 Fighting
 + Level 1.8 Maces & Flails
 + Level 3.1 Armour
 + Level 2.1 Dodging
 - Level 0.6 Stealth
 + Level 4.1 Evocations


You had 3 spell levels left.
You didn't know any spells.
Your spell library contained the following spells:

 Spells                   Type           Power      Damage    Failure   Level
 Freeze                   Ice            0%         1d3       14%         1
 Frozen Ramparts          Ice            0%         1d1       38%         3
 Hailstorm                Conj/Ice       0%         3d3       77%         4


Dungeon Overview and Level Annotations

Branches:
Dungeon (4/15) Zot: 1329
 Temple: D:4-7

Altars:
Elyvilon


Innate Abilities, Weirdness & Mutations

You passively map a small area around you.
You are easily found by Zot.
You glow in the dark.
You regain HP and MP as you explore.


Message History

Welcome, sleeves the Meteoran Artificer.
The heart of this dungeon contains the glorious artefact, the Orb of Zot.
Press ? for a list of commands and other information.
Found a staircase leading out of the dungeon.
Found a trident.
You don't know any spells.
Unknown command.
Your library has no spells.
You see here a +0 trident.
f - a +0 trident
f - a +0 trident (weapon)
Okay, then.
The golden eye turns its gaze towards you.
Found a faded altar of an unknown god.
The golden eye pulsates ominously.
The great orb of eyes turns its gaze towards you.
The eye of devastation turns its gaze towards you.
The eye of devastation pulsates ominously.
As you open the door, it creaks loudly!
A bat comes into view.
A bat is nearby!
You hit the bat.
The bat is heavily wounded.
The bat hits you. The bat barely misses you.
The bat hits you but does no damage. x2
There is an open door here.
You puncture the bat!
You kill the bat!
Found a stone staircase leading down.
g - 2 lumpy red potions An endoplasm comes into view.
Found 14 gold pieces.
The endoplasm quivers.
You hit the endoplasm.
The endoplasm is severely wounded.
The endoplasm hits you but does no damage.
You hit the endoplasm.
You kill the endoplasm!
No target in view!
You now have 14 gold pieces.
The great orb of eyes turns its gaze towards you.
The golden eye turns its gaze towards you.
The eye of devastation turns its gaze towards you.
h - 2 scrolls labelled RACKIDO TUGRIP You now have 24 gold pieces (gained 10).
The eye of devastation turns its gaze towards you.
The great orb of eyes turns its gaze towards you.
The golden eye turns its gaze towards you.
Found a mace.
You see here a +0 mace.
You open the door.
A hobgoblin and a goblin come into view.
The hobgoblin shouts!
The goblin shouts!
A rat comes into view.
Found a cyan potion, 7 gold pieces and a scroll labelled RACKIDO TUGRIP.
Found an escape hatch in the floor.
You reach to attack!
You puncture the goblin!
You kill the goblin!
The hobgoblin hits you.
You hit the hobgoblin but do no damage. The hobgoblin barely misses you.
You hit the hobgoblin but do no damage. The hobgoblin closely misses you.
You hit the hobgoblin but do no damage.
The hobgoblin hits you but does no damage.
You hit the hobgoblin.
You kill the hobgoblin!
The rat bites you.
You have reached level 2!
You closely miss the rat. The rat bites you.
You hit the rat.
The rat is moderately wounded.
The rat bites you but does no damage.
You hit the rat.
The rat is severely wounded.
The rat bites you but does no damage. The rat bites you.
You hit the rat.
You kill the rat!
No target in view!
No target in view!
No target in view!
No target in view!
No target in view!
No target in view!
No target in view!
No target in view!
Unknown command.
Found 5 stones.
There is an open door, spattered with blood here.
You see here a rat corpse.
Things that are here:
a +0 club; a goblin corpse
i - a cyan potion You now have 31 gold pieces (gained 7).
h - 3 scrolls labelled RACKIDO TUGRIP (gained 1)
You open the door.
Found a club.
There is an open door here.
You see here a +0 club.
Found a stone staircase leading down.
Found a scroll labelled RACKIDO TUGRIP.
There is a stone staircase leading down here.
You climb downwards.
The goblin shouts!
There is a stone staircase leading up here.
You miss the goblin. The goblin barely misses you.
You barely miss the goblin. The goblin completely misses you.
You hit the goblin.
You kill the goblin!
No target in view!
Things that are here:
a +3 dagger; a goblin corpse
There is a stone staircase leading up here.
You can't go down here!
You climb upwards.
There is a stone staircase leading down here.
h - 4 scrolls labelled RACKIDO TUGRIP (gained 1)
You see here a +0 club.
There is an open door here.
There is an escape hatch in the floor here.
You slide downwards.
The hatch slams shut behind you.
Found a white marble altar of Elyvilon.
Found a stone staircase leading up.
There is a stone staircase leading up here.
You climb upwards.
There is a stone staircase leading down here.
Found a blue potion.
j - a blue potion As you open the door, it creaks loudly!
There is an open door here.
As you open the door, it creaks loudly!
There is an open door here.
There is an open door here.
There is an open door here.
There is a stone staircase leading down here.
You climb downwards.
There is a stone staircase leading up here.
A hobgoblin comes into view.
The hobgoblin shouts!
A giant cockroach comes into view.
You hit the giant cockroach.
You kill the giant cockroach!
You see here a giant cockroach corpse.
You hit the hobgoblin.
The hobgoblin is almost dead.
The hobgoblin barely misses you.
You barely miss the hobgoblin.
The hobgoblin is almost dead.
The hobgoblin barely misses you.
The hobgoblin hits you but does no damage.
You barely miss the hobgoblin.
The hobgoblin is almost dead.
The hobgoblin closely misses you.
You hit the hobgoblin.
You kill the hobgoblin!
No target in view!
No target in view!
No target in view!
Found an escape hatch in the ceiling.
Found a scroll labelled RACKIDO TUGRIP and 11 gold pieces.
Found a stone staircase leading up.
Found a sling.
You now have 42 gold pieces (gained 11).
A frilled lizard comes into view.
You see here a scroll labelled RACKIDO TUGRIP.
You closely miss the frilled lizard. The frilled lizard misses you.
You hit the frilled lizard.
You kill the frilled lizard!
No target in view!
No target in view!
h - 5 scrolls labelled RACKIDO TUGRIP (gained 1)
Found a faintly glowing steel ring.
You see here a +0 sling.
Found 10 gold pieces.
k - the ring "Pet Weka" {Wiz Str+5} You feel stronger.
k - the ring "Pet Weka" (left hand) {Wiz Str+5} A frilled lizard comes into view.
Found 7 stones and a flail.
The frilled lizard hisses angrily.
You see here 10 gold pieces.
You reach to attack!
You completely miss the frilled lizard. The frilled lizard misses you.
You closely miss the frilled lizard. The frilled lizard closely misses you.
You closely miss the frilled lizard. The frilled lizard bites you.
You puncture the frilled lizard!
You kill the frilled lizard!
No target in view!
You now have 52 gold pieces (gained 10).
You see here a frilled lizard corpse.
Found a stone staircase leading down.
Found 9 gold pieces.
You see here a +0 flail.
l - a +0 flail
There is a stone staircase leading down here.
You climb downwards.
A sourceless malevolence fills the Dungeon... and a teleportation trap spontaneously manifests!
You are yanked towards a nearby monster!
Your surroundings suddenly seem different.
An adder comes into view.
Found a purple potion.
Aiming: Throw Flame
Press: ? - help, Shift-Dir - straight line, f - adder
Aim: an adder (53% to hit)
The puff of flame misses the adder.
Aiming: Throw Flame
Press: ? - help, Shift-Dir - straight line, f/p - adder
Aim: an adder (53% to hit)
The puff of flame hits the adder!
The adder is almost dead.
Reach: f) +0 trident
Press: ? - help, Dir - move target, f/p - adder
Aim: an adder (almost dead, about 65% to evade your +0 trident)
You reach to attack!
You miss the adder.
The adder is almost dead.
The adder bites you but does no damage.
Reach: f) +0 trident
Press: ? - help, Dir - move target, f/p - adder
Aim: an adder (almost dead, about 65% to evade your +0 trident)
You puncture the adder!
You kill the adder!
Your Maces & Flails skill increases to level 1!
You have reached level 3!
Your experience leads to an increase in your attributes!
Your base attributes are Str 13, Int 12, Dex 14.
Increase (S)trength, (I)ntelligence, or (D)exterity?
You feel stronger. x2; You feel clever.
Found a scroll labelled JEUMYR DYUWN.
m - a purple potion A rat comes into view.
The rat bites you but does no damage.
You hit the rat but do no damage. The rat bites you but does no damage.
You closely miss the rat. The rat bites you.
The rat bites you but does no damage.
You closely miss the rat. The rat barely misses you.
You hit the rat.
You kill the rat!
Found a book of Frost.
n - a scroll labelled JEUMYR DYUWN
Found a scroll labelled PONNIH QAHERCH.
You pick up a book of Frost and begin reading...
You add the spells Freeze, Frozen Ramparts and Hailstorm to your library.
Found 18 gold pieces.
Found a stone staircase leading up.
Found a leather armour.
You now have 70 gold pieces (gained 18).
A giant cockroach comes into view.
Found 12 gold pieces.
The giant cockroach bites you.
You hit the giant cockroach but do no damage.
The giant cockroach closely misses you.
You hit the giant cockroach but do no damage.
The giant cockroach bites you but does no damage.
The giant cockroach waves its antennae.
The giant cockroach bites you.
You hit the giant cockroach.
The giant cockroach is severely wounded.
The giant cockroach barely misses you.
The giant cockroach bites you but does no damage.
The giant cockroach attacks as you move away!
The giant cockroach barely misses you.
You hit the giant cockroach.
You kill the giant cockroach!
No target in view!
No target in view!
There is a stone staircase leading up here.
You now have 82 gold pieces (gained 12).
You see here a +0 leather armour.
o - a scroll labelled PONNIH QAHERCH
There is a stone staircase leading up here.
You climb upwards.
Found a smoky pink potion.
There is a stone staircase leading down here.
A goblin comes into view. It is wielding a +0 club.
The goblin shouts!
You see here a smoky pink potion.
You reach to attack!
You hit the goblin.
The goblin is severely wounded.
The goblin misses you.
You closely miss the goblin.
The goblin is severely wounded.
The goblin hits you but does no damage.
You puncture the goblin!
You kill the goblin!
No target in view!
No target in view!
p - a smoky pink potion You see here a frilled lizard corpse.
Found a stone staircase leading down.
An adder comes into view.
The adder hisses angrily.
You see here 9 gold pieces.
You hit the adder.
The adder is heavily wounded.
The adder bites you but does no damage. The adder bites you.
You are poisoned.
The adder poisons you!
You barely miss the adder.
The adder is heavily wounded.
You feel sick. The adder bites you. The adder closely misses you.
You miss the adder.
The adder is heavily wounded.
You feel sick. The adder bites you.
You are too injured to fight recklessly!
You are too injured to fight recklessly!
You barely miss the adder.
The adder is heavily wounded.
You feel sick.
You are no longer poisoned.
The adder bites you but does no damage. The adder bites you.
You are poisoned.
The adder poisons you!
You hit the adder.
The adder is almost dead.
You feel sick. The adder bites you.
* * * LOW HITPOINT WARNING * * *
The adder bites you but does no damage.
You miss the adder.
The adder is almost dead.
You feel sick. The adder bites you.
* * * LOW HITPOINT WARNING * * *
The adder bites you.
* * * LOW HITPOINT WARNING * * *
Aiming: Throw Flame
Press: ? - help, Shift-Dir - straight line, f - adder
Aim: an adder (almost dead, 53% to hit)
The puff of flame hits the adder!
You kill the adder!
You feel sick.
Your Evocations skill increases to level 4!
You feel sick.
You are no longer poisoned.
You now have 91 gold pieces (gained 9).
A bat comes into view.
The bat hits you but does no damage.
You puncture the bat!
You kill the bat!
Your Armour skill increases to level 3!
Your Dodging skill increases to level 2!
You see here a bat corpse.
You see here a bat corpse.
There is a stone staircase leading down here.
You climb downwards.
The goblin shouts!
Found a flail and 5 gold pieces.
Found a stone staircase leading down.
There is a stone staircase leading up here.
You reach to attack!
You hit the goblin.
The goblin is moderately wounded.
The goblin hits you with a +0 dagger.
You puncture the goblin!
You kill the goblin!
No target in view!
No target in view!
You now have 96 gold pieces (gained 5).
Found a scroll labelled RACKIDO TUGRIP.
There is a stone staircase leading down here.
You see here a +0 flail.
A gnoll comes into view. It is wielding a +0 flail.
The gnoll shouts!
You hear a shout!
A gnoll comes into view. It is wielding a +0 whip.
You hear a shout!
The gnoll shouts!
A gnoll comes into view.
It is wielding a +2 flail of holy wrath.
A gnoll comes into view. It is wielding a +0 spear.
You see here a +0 flail.
There is a stone staircase leading down here.
Things that are here:
a +0 dagger; a goblin corpse
There is a stone staircase leading up here.
You climb upwards.
There is a stone staircase leading down here.
A hobgoblin comes into view.
The hobgoblin shouts!
You hit the hobgoblin.
The hobgoblin is almost dead.
The hobgoblin barely misses you.
You puncture the hobgoblin!
You kill the hobgoblin!
You see here a hobgoblin corpse.
A frilled lizard comes into view.
The frilled lizard hisses angrily.
A frilled lizard is nearby!
You completely miss the frilled lizard.
The frilled lizard barely misses you. x2
You barely miss the frilled lizard. The frilled lizard misses you.
You miss the frilled lizard. The frilled lizard bites you.
You miss the frilled lizard. The frilled lizard bites you.
The frilled lizard bites you but does no damage.
You puncture the frilled lizard!
You kill the frilled lizard!
You see here a frilled lizard corpse.
Found a puce potion.
q - a puce potion
Found an escape hatch in the floor.
There is an escape hatch in the floor here.
You slide downwards.
The hatch slams shut behind you.
An adder comes into view.
The adder hisses angrily.
A frilled lizard comes into view.
The frilled lizard hisses angrily.
You reach to attack!
You closely miss the adder. You barely miss the adder.
The adder barely misses you. The adder misses you.
You closely miss the adder. The adder barely misses you.
The adder closely misses you.
You closely miss the adder. The adder barely misses you.
You miss the adder. The adder completely misses you. The adder bites you.
You puncture the adder!
The adder is severely wounded.
The adder bites you but does no damage. x2
You puncture the adder!
You kill the adder!
The frilled lizard bites you but does no damage.
You have reached level 4!
You closely miss the frilled lizard. The frilled lizard closely misses you.
You barely miss the frilled lizard. The frilled lizard barely misses you.
You hit the frilled lizard.
You kill the frilled lizard!
No target in view!
No target in view!
Found a robe.
Found a stone staircase leading down.
You see here a frilled lizard corpse.
Found an escape hatch in the ceiling.
There is a stone staircase leading down here.
You climb downwards.
There is a stone staircase leading up here.
You climb upwards.
There is a stone staircase leading down here.
You see here a +0 robe.
l - a +0 flail (weapon)
You swing at nothing.
There is a stone staircase leading down here.
You climb downwards.
There is a stone staircase leading up here.
There is a stone staircase leading up here.
An adder comes into view.
The adder hisses angrily.
An iguana comes into view.
The iguana hisses angrily.
You hit the adder but do no damage. The adder bites you.
The adder closely misses you.
You completely miss the adder. The adder bites you.
The adder bites you but does no damage.
You closely miss the adder. The adder barely misses you.
You closely miss the adder. The adder closely misses you. The adder bites you.
You barely miss the adder. The adder bites you.
You are poisoned.
The adder poisons you! The adder bites you but does no damage.
You barely miss the adder.
You feel sick. The adder barely misses you. The adder bites you.
You thump the adder!
You kill the adder!
You feel sick.
Your Fighting skill increases to level 2!
You barely miss the iguana.
You feel sick.
You are no longer poisoned.
The iguana bites you but does no damage.
The iguana bites you!
* * * LOW HITPOINT WARNING * * *
You barely miss the iguana. The iguana misses you.
You hit the iguana but do no damage. The iguana bites you!
You die...

, * , ,
...... , ,
, .... > ,
.... ** , ,
,... , * *,
,..# , #.#
, *#l#
#@#######.#
#.<#......#
*,
*#.##...# *
..#*##.##
*### ##


You could see an iguana.

Vanquished Creatures
  4 adders
  2 bats
  An endoplasm (D:1)
  2 giant cockroaches
  4 goblins
  3 hobgoblins
  4 frilled lizards
  2 rats
22 creatures vanquished.

Notes
Turn   | Place    | Note
-------+----------+-------------------------------------------
     0 | D:1      | sleeves the Meteoran Artificer began the quest for the Orb.
     0 | D:1      | Reached XP level 1. HP: 16/16 MP: 2/2
    50 | D:1      | Noticed a golden eye
    52 | D:1      | Found a faded altar of an unknown god.
    54 | D:1      | Noticed a great orb of eyes
    54 | D:1      | Noticed a golden eye
    54 | D:1      | Noticed an eye of devastation
   334 | D:1      | Reached XP level 2. HP: 19/23 MP: 3/3
   449 | D:2      | Found a white marble altar of Elyvilon.
   579 | D:2      | Identified the ring "Pet Weka" {Wiz Str+5}
   616 | D:3      | Reached skill level 1 in Maces & Flails
   616 | D:3      | Reached XP level 3. HP: 28/28 MP: 4/4
   732 | D:2      | HP: 14/29 [poisoned by an adder]
   735 | D:2      | Reached skill level 4 in Evocations
   735 | D:2      | HP: 6/29 [poisoned by an adder]
   771 | D:2      | Reached skill level 3 in Armour
   771 | D:2      | Reached skill level 2 in Dodging
   953 | D:3      | Reached XP level 4. HP: 34/36 MP: 5/5
  1045 | D:4      | Reached skill level 2 in Fighting
  1045 | D:4      | HP: 13/36 [iguana (10)]
  1047 | D:4      | Slain by an iguana

Illustrated notes

Levels and vault maps discovered:
D:1:      psy_arrival_basics, layout_loops_corners,
          hellmonk_ecumenical_altar_watching_god, minmay_cupped
D:2:      layout_loops_ring, basic_altar
D:3:      layout_rooms, uniq_jessica
D:4:      layout_layer_cave, general_overflow_altar, gammafunk_ghost_smash,
          uniq_menkaure

Skill      XL: |  1  2  3  4 |
---------------+-------------+-----
Maces & Flails | 1 |  1.8
Evocations     | 4 |  4.1
Armour         | 3 |  3.1
Dodging        | 2 |  2.1
Fighting       | 2 |  2.0
Stealth        | |  0.6

Action                   |  1- 3 |  4- 6 || total
-------------------------+-------+-------++-------
Melee: Trident           |    63 |     3 ||    66
       Flail             |       |    10 ||    10
Evoke: Wand              |     3 |       ||     3
Armor: Leather armour    |    22 |     3 ||    25
Dodge: Dodged            |    27 |     7 ||    34
